 Dungeon Crawl Stone Soup version 0.23.0 (webtiles) character file.

Game seed: 8990870360699097765

205 Gargoyl the Skirmisher (level 5, -3/46 HPs)
             Began as a Centaur Abyssal Knight on Feb 9, 2019.
             Was a Believer of Lugonu.
             Slain by an iguana (5 damage)
             ... on level 4 of the Dungeon.
             The game lasted 00:03:56 (3100 turns).

Gargoyl the Skirmisher (Centaur Abyssal Knight)     Turns: 3100, Time: 00:03:56

Health: -3/46      AC: 11    Str: 13 (15) XL:     5   Next: 52%
Magic:  16/16      EV:  1    Int: 10 (11) God:    Lugonu [**....]
Gold:   163        SH:  0    Dex:  7 (9)  Spells: 4/4 levels left

rFire    . . .     SeeInvis .   a - +1 hand axe
rCold    . . .     Gourm    .   (no shield)
rNeg     . . .     Faith    .   d - +0 plate armour
rPois    .         Spirit   .   g - +0 helmet
rElec    .         Reflect  .   (no cloak)
rCorr    .         Harm     .   f - +0 pair of gloves
MR       .....                  (no barding)
Stlth    ..........             (no amulet)
HPRegen  0.15/turn              h - ring of magical power
MPRegen  0.15/turn              (no ring)

@: very quick
A: large, hooves 3, deformed body, speed 2, tough skin 3
a: Depart the Abyss, Bend Space, Renounce Religion


You were on level 4 of the Dungeon.
You worshipped Lugonu.
Lugonu was pleased with you.
You were not hungry.

You visited 1 branch of the dungeon, and saw 4 of its levels.
You visited the Abyss 1 time.

You collected 163 gold pieces.

Inventory:

Hand Weapons
 a - a +1 hand axe (weapon)
Armour
 d - a +0 plate armour (worn)
 f - a +0 pair of gloves (worn)
 g - a +0 helmet (worn)
Jewellery
 h - a ring of magical power (left hand)
Scrolls
 i - 2 scrolls of remove curse
Potions
 b - 4 potions of invisibility
 e - a potion of haste {unknown}
 j - a potion of brilliance {unknown}
 k - 2 potions of degeneration
 l - a potion of berserk rage {unknown}
 n - a potion of resistance {unknown}
 o - 4 potions of lignification {unknown}
Comestibles
 c - 5 rations


   Skills:
 + Level 4.2 Fighting
 + Level 2.7 Axes
 * Level 2.4 Armour
 * Level 1.5 Dodging
 * Level 2.8 Invocations


You had 4 spell levels left.
You didn't know any spells.
Your spell library was empty.

Dungeon Overview and Level Annotations

Branches:
Dungeon (4/15)
 Temple: D:4-7

Altars:
Makhleb
Zin


Innate Abilities, Weirdness & Mutations

You have hooves in place of feet.
Armour fits poorly on your strangely shaped body.
You cover ground very quickly.
You have extremely tough skin. (AC +3)


Message History

The centaur hits you but does no damage.
The orc hits you but does no damage.
Your plate armour prevents you from hitting the centaur.
You kick the centaur!
The centaur is heavily wounded.
You hit the iguana but do no damage. You hit the gnoll. You hit the orc.
You kill the orc!
Lugonu accepts your kill. The centaur hits you. The iguana bites you!
* * * LOW HITPOINT WARNING * * *
The gnoll completely misses you.
The centaur hits you but does no damage.
The iguana bites you!
* * * LOW HITPOINT WARNING * * *
It was a potion of degeneration.
There was something very wrong with that liquid.
You feel weakened.
You feel dopey.
You feel clumsy.
The centaur hits you but does no damage.
The gnoll hits you but does no damage. The iguana bites you.
You die...

#....## .. ##...# ..
###.# .# ######## #.##
..# ##<.....###..####.#
##........###..#...#
#..........##....#
#..........##.#cl##
#..........##.#@g.#.
#..........##.)<#...?.#
#..........##.#....#.##
##.........)....#.#..#
#...................##
#...........###......
#....)......# #.#.....g
#...........# ..####...
............ ... .##


You could see a centaur, an iguana and a gnoll.

Vanquished Creatures
  A centaur skeleton (D:4)
  Jessica (D:2)
  Terence (D:2)
  4 gnolls (D:2)
  3 adders
  A worm (D:3)
  2 dart slugs
  2 leopard geckos (D:3)
  5 orcs
  4 giant cockroaches
  3 goblins
  3 hobgoblins
  5 kobolds
  2 quokkas (D:3)
  A ball python (D:1)
  7 bats
  5 frilled lizards
  6 rats
56 creatures vanquished.

Notes
Turn   | Place    | Note
-------+----------+-------------------------------------------
     0 | Abyss:1  | Gargoyl the Centaur Abyssal Knight began the quest for the
                  | Orb.
     0 | Abyss:1  | Reached XP level 1. HP: 19/19 MP: 2/2
     7 | Abyss:2  | Found a corrupted altar of Lugonu.
    34 | Abyss:2  | Noticed a thrashing horror
    40 | D:1      | Escaped the Abyss
   405 | D:1      | Reached XP level 2. HP: 25/26 MP: 3/3
   525 | D:1      | Reached * piety under Lugonu
   978 | D:2      | Noticed Jessica
   991 | D:2      | Killed Jessica
   991 | D:2      | Reached skill level 1 in Dodging
   991 | D:2      | Reached XP level 3. HP: 25/33 MP: 4/4
  1051 | D:2      | Noticed Terence
  1062 | D:2      | Killed Terence
  1062 | D:2      | Reached skill level 4 in Fighting
  1062 | D:2      | Reached XP level 4. HP: 31/40 MP: 5/5
  1724 | D:2      | Found a glowing silver altar of Zin.
  1726 | D:2      | Found a burning altar of Makhleb.
  1727 | D:2      | Noticed an Executioner
  1727 | D:2      | Noticed an angel
  2100 | D:3      | Reached XP level 5. HP: 45/46 MP: 6/6
  2258 | D:3      | Reached ** piety under Lugonu
  2714 | D:4      | Noticed a centaur
  3099 | D:4      | HP: 2/46 [iguana (7)]
  3100 | D:4      | Slain by an iguana

Skill      XL: |  1  2  3  4 |
---------------+-------------+-----
Axes           | 2 |  2.7
Dodging        | 1 |  1.5
Fighting       | 4 |  4.2
Armour         | 2 |  2.4
Invocations    | |  2.8

Action                   |  1- 3 |  4- 6 || total
-------------------------+-------+-------++-------
Melee: Hand axe          |    46 |   127 ||   173
       Kick              |     8 |    31 ||    39
Invok: Depart the Abyss  |     1 |       ||     1
  Use: Scroll            |     4 |     3 ||     7
       Potion            |       |     1 ||     1
  Eat: Chunk             |       |     3 ||     3
       Ration            |       |     1 ||     1
Armor: Plate armour      |    35 |   172 ||   207
Dodge: Dodged            |     4 |    23 ||    27
